 Dungeon Crawl Stone Soup version 0.23.1 (webtiles) character file.

Game seed: 0

644 smallpebble the Ducker (level 7, 0/67 HPs)
             Began as a Troll Fighter on Mar 19, 2019.
             Was a Plaything of Xom.
             Shot with an arrow by a centaur (16 damage)
             ... on level 5 of the Dungeon.
             The game lasted 00:36:15 (2161 turns).

smallpebble the Ducker (Troll Fighter)              Turns: 2161, Time: 00:36:16

Health: 0/67       AC:  6    Str: 25    XL:     7   Next: 26%
Magic:  6/6        EV:  9    Int:  4    God:    Xom [..*...]
Gold:   193        SH:  9    Dex: 11    Spells: 6/6 levels left

rFire    + . .     SeeInvis .   t - +1 trident (distort)
rCold    . . .     Gourm    +   C - +0 shield
rNeg     . . .     Faith    .   n - +0 animal skin
rPois    .         Spirit   .   (helmet restricted)
rElec    .         Reflect  .   (no cloak)
rCorr    .         Harm     .   (gloves unavailable)
MR       .....                  (boots unavailable)
Stlth    +.........             B - amulet of the gourmand
HPRegen  0.61/turn              u - ring of protection from fire
MPRegen  0.10/turn              (no ring)

@: no status effects
A: large, unfitting armour, claws 3, fast metabolism 3, gourmand, regeneration
1, shaggy fur 1, tough skin 3
a: Renounce Religion


You were on level 5 of the Dungeon.
You worshipped Xom.
You were a toy of Xom.
You were not hungry.

You visited 2 branches of the dungeon, and saw 6 of its levels.

You collected 193 gold pieces.

Inventory:

Hand Weapons
 a - a +0 flail
 d - a +0 falchion
 e - a +0 club
 l - a +0 club
 t - a +1 trident of distortion (weapon)
Armour
 b - a +0 robe
 c - a +0 shield
 h - a +0 scale mail
 j - a +0 leather armour
 k - a +0 scale mail
 m - a +0 chain mail
 n - a +0 animal skin (worn)
 o - a +0 buckler
 v - the +0 ring mail of Marbles {rC+++ Str+2 Dex-3 Stlth-, unknown}
   (You found it on level 3 of the Dungeon)

   It affects your strength (+2).
   It affects your dexterity (-3).
   It renders you almost immune to cold.
   It makes you less stealthy.
 C - a +0 shield (worn)
Jewellery
 u - a ring of protection from fire (left claw)
 B - an amulet of the gourmand (around neck)
Wands
 y - a wand of clouds (4)
Scrolls
 g - a scroll of identify
 i - 2 scrolls of fog
 p - a scroll of magic mapping {unknown}
 q - 2 scrolls of teleportation {unknown}
 r - a scroll of enchant weapon {unknown}
 s - a scroll of fear {unknown}
 x - 3 scrolls of remove curse {unknown}
Potions
 w - a potion of agility {unknown}
 z - a potion of curing
 A - a potion of heal wounds
Comestibles
 f - 2 rations


   Skills:
 + Level 3.4 Fighting
 + Level 0.7 Long Blades
 + Level 2.6 Maces & Flails
 + Level 2.6 Polearms
 + Level 4.0 Dodging
 + Level 0.5 Stealth
 + Level 3.7 Shields
 + Level 1.9 Unarmed Combat


You had 6 spell levels left.
You didn't know any spells.
Your spell library was empty.

Dungeon Overview and Level Annotations

Branches:
Dungeon (5/15)             Temple (1/1) D:4

Altars:
Ashenzari
Dithmenos
Fedhas
Makhleb
Nemelex Xobeh
Wu Jian
Xom

Annotations:
Abyss:1 Edmund


Innate Abilities, Weirdness & Mutations

You are too large for most types of armour.
You have claws for hands.
Your metabolism is lightning-fast.
You like to eat raw meat.
Your natural rate of healing is unusually fast.
You are covered in fur. (AC +1)
You have extremely tough skin. (AC +3)


Message History

The centaur shouts!
The centaur wields a +0 shortbow.
The centaur shoots an arrow.
The arrow misses you.
The centaur shoots an arrow.
The arrow hits you.
You see here an arrow.
The centaur shoots an arrow.
You block the arrow.
You see here an arrow.
The centaur shoots an arrow.
You block the arrow.
The centaur shoots an arrow.
You block the arrow.
You see here 2 arrows.
The centaur shoots an arrow.
The arrow hits you!
* * * LOW HITPOINT WARNING * * *
Things that are here:
an arrow; 3 scrolls of identify The centaur shoots an arrow.
The arrow hits you.
* * * LOW HITPOINT WARNING * * *
The centaur shoots an arrow.
The arrow barely misses you.
The centaur shoots an arrow.
The arrow hits you!
You die...
Xom chortles!

..........#....#
..........##...##
............c...#
................#
................#
................#
...........†..>.+
###?....((..##
#....(..@..######
#.....((((.......
###..........######
............#........
#############(####.####
)...?#### #(# .#
####....### #(# .#
..........# #.# .#
#######.#.# #.# .#


You could see a centaur.

Vanquished Creatures
  The ghost of Irenicus the Digger, an amateur DDEE (D:3)
  A bullfrog (D:5)
  A scorpion (D:4)
  Terence (D:2)
  An iguana (D:4)
  Natasha (D:2)
  A worker ant (D:5)
  Robin (D:3)
  2 adders
  An ooze (D:1)
  3 worms
  A dart slug (D:2)
  2 leopard geckos
  3 orcs
  A giant cockroach (D:3)
  19 goblins
  8 hobgoblins
  4 jackals (D:1)
  6 kobolds
  A quokka (D:2)
  10 bats
  3 frilled lizards
  2 quokka zombies (D:3)
  8 rats
  A plant (Temple)
83 creatures vanquished.

Vanquished Creatures (others)
  An orc warrior (D:5)
1 creature vanquished.

Grand Total: 84 creatures vanquished

Notes
Turn   | Place    | Note
-------+----------+-------------------------------------------
     0 | D:1      | smallpebble the Troll Fighter began the quest for the Orb.
     0 | D:1      | Reached XP level 1. HP: 22/22 MP: 0/0
   186 | D:1      | Reached XP level 2. HP: 29/29 MP: 1/1
   435 | D:1      | Reached XP level 3. HP: 23/36 MP: 2/2
   595 | D:2      | Noticed Terence
   621 | D:2      | Killed Terence
   636 | D:2      | Reached XP level 4. HP: 44/44 MP: 3/3
   727 | D:2      | Noticed Natasha
   769 | D:2      | Killed Natasha
   769 | D:2      | Reached skill level 3 in Dodging
   908 | D:1      | Reached skill level 1 in Unarmed Combat
   979 | D:3      | Noticed Robin
  1009 | D:3      | Killed Robin
  1091 | D:3      | Found a transporter.
  1104 | D:3      | Reached XP level 5. HP: 47/52 MP: 4/4
  1128 | D:3      | Found a transporter.
  1128 | D:3      | Noticed Irenicus's ghost (amateur DDEE)
  1198 | D:3      | Got a faintly humming ring mail
  1295 | D:3      | Killed Irenicus's ghost
  1295 | D:3      | Reached XP level 6. HP: 50/61 MP: 5/5
  1716 | D:4      | Reached skill level 1 in Polearms
  1772 | D:4      | Found a staircase to the Ecumenical Temple.
  1779 | Temple   | Entered the Ecumenical Temple
  1823 | Temple   | Became a worshipper of Xom of Chaos
  1973 | D:4      | Noticed Edmund
  1980 | D:4      | XOM: harmless Chrm miscast
  2013 | D:4      | XOM: potion effect (invisibility)
  2025 | D:4      | Banished Edmund
  2032 | D:5      | Entered Level 5 of the Dungeon
  2037 | D:5      | Reached XP level 7. HP: 49/67 MP: 6/6
  2057 | D:5      | XOM: harmless Hex miscast
  2132 | D:5      | Reached skill level 4 in Dodging
  2161 | D:5      | Shot with an arrow by a centaur

Skill      XL: |  1  2  3  4  5  6  7 |
---------------+----------------------+-----
Maces & Flails | 2 |  2.6
Shields        | 3 |  3.7
Dodging        | 3 4 |  4.0
Unarmed Combat | 1 |  1.9
Fighting       | 3 |  3.4
Polearms       | 2 |  2.6
Long Blades    | |  0.7
Stealth        | |  0.5

Action                   |  1- 3 |  4- 6 |  7- 9 || total
-------------------------+-------+-------+-------++-------
Melee: Flail             |    96 |       |       ||    96
       Unarmed           |    38 |    86 |       ||   124
       Falchion          |       |    16 |       ||    16
       Trident           |       |    80 |    20 ||   100
  Use: Potion            |       |     6 |       ||     6
       Scroll            |       |     1 |       ||     1
 Stab: Sleeping          |     1 |     1 |       ||     2
       Invisible         |       |     1 |     1 ||     2
  Eat: Ration            |     1 |     4 |     1 ||     6
Armor: Robe              |    54 |    44 |       ||    98
       Animal skin       |       |    17 |     4 ||    21
Dodge: Dodged            |    54 |    65 |     7 ||   126
Block: Shield            |    69 |   100 |    14 ||   183
       Rpst.: Falchion   |       |     3 |       ||     3
